 Dungeon Crawl Stone Soup version 0.28.0-53-g5a82cb258f (webtiles) character file.

Game seed: 6444984310364174382

215 Gurantaxtaxq the Gusty (level 5, 0/28 HPs)
             Began as a Tengu Air Elementalist on Aug 21, 2022.
             Slain by an orc priest
             ... wielding a +0 falchion
              (1 damage)
             ... on level 3 of the Dungeon.
             The game lasted 00:19:10 (2580 turns).

Gurantaxtaxq the Gusty (Tengu Air Elementalist)     Turns: 2580, Time: 00:19:12

Health: 0/28       AC:  6    Str:  8    XL:     5   Next: 92%
Magic:  7/11       EV: 14    Int: 17    God:
Gold:   141        SH:  0    Dex: 15    Spells: 7/10 levels left

rFire   . . .      SeeInvis .   d - staff of conjuration
rCold   . . .      Faith    .   (no shield)
rNeg    . . .      Spirit   .   a - +0 robe
rPois   .          Reflect  .   (helmet restricted)
rElec   .          Harm     .   j - +2 cloak
rCorr   .          Rampage  .   h - +0 pair of gloves
Will    .....                   (boots unavailable)
Stlth   ++........              (no amulet)
HPRegen 0.09/turn               (no ring)
MPRegen 0.12/turn               (no ring)

@: flying quickly and evasively, quick
A: beak, talons 3, nimble flight
a: no special abilities


You were on level 3 of the Dungeon.
You visited 1 branch of the dungeon, and saw 4 of its levels.

You collected 141 gold pieces.

Inventory:

Hand Weapons
 b - a +0 dagger
Missiles
 e - 60 stones
 g - 8 boomerangs
Armour
 a - a +0 robe (worn)
 h - a +0 pair of gloves (worn)
 i - a +2 cloak
 j - a +2 cloak (worn)
Magical Staves
 d - a staff of conjuration (weapon)
Scrolls
 c - a scroll of identify {unknown}
 f - a scroll of amnesia {unknown}
 k - 2 scrolls of fear {unknown}
 m - a scroll of summoning {unknown}
 n - a scroll of teleportation {unknown}
Potions
 l - 2 potions of cancellation {unknown}


   Skills:
 - Level 2.1 Dodging
 - Level 2.0 Stealth
 + Level 3.4 Spellcasting
 + Level 4.4 Conjurations
 + Level 5.8 Air Magic


You had 7 spell levels left.
You knew the following spells:

 Your Spells              Type           Power      Damage    Failure   Level
a - Shock                 Conj/Air       100%       1d9       1%          1
b - Static Discharge      Conj/Air       30%        N/A       3%          2

Your spell library contained the following spells:

 Spells                   Type           Power      Damage    Failure   Level
 Swiftness                Air            22%        N/A       4%          3
 Foxfire                  Conj/Fire      60%        2x1d7     7%          1
 Airstrike                Air            11%        N/A       14%         4
 Conjure Flame            Conj/Fire      15%        6-21      21%         3
 Inner Flame              Hex/Fire       2%         N/A       45%         3
 Flame Wave               Conj/Fire      15%        2d6       56%         4


Dungeon Overview and Level Annotations

Branches:
Dungeon (4/15)
 Temple: D:4-7

Altars:
Makhleb

Shops:
D:2 (


Innate Abilities, Weirdness & Mutations

You have a beak for a mouth.
You have claws for feet.
Your magical nature lets you fly swiftly and evasively.


Message History

There is a stone staircase leading down here.
Casting: Static Discharge (safe; 3% risk of failure)
Press: ? - help, Q - select action, (/) - cycle Dir - look around, f - activate You feel a surge of power!
The gnoll is struck by an arc of lightning.
The gnoll is moderately wounded.
The orc is struck by an arc of lightning!
You kill the orc!
The gnoll is struck by an arc of lightning.
The gnoll is moderately wounded.
The lightning grounds out.
The gnoll is struck by an arc of lightning!
The gnoll is severely wounded.
The gnoll is struck by an arc of lightning.
The gnoll is severely wounded.
You are struck by an arc of lightning.
The lightning grounds out.
The orc priest is struck by an arc of lightning.
The orc priest is moderately wounded.
You are struck by an arc of lightning.
The gnoll is struck by an arc of lightning!
You kill the gnoll!
You are struck by an arc of lightning.
* * * LOW HITPOINT WARNING * * *
The lightning grounds out.
The gnoll hits you with a +0 whip.
* * * LOW HITPOINT WARNING * * *
The orc priest closely misses you.
Casting: Static Discharge (safe; 3% risk of failure)
Press: ? - help, Q - select action, (/) - cycle Dir - look around, f - activate You feel a surge of power!
The gnoll is struck by an arc of lightning!
You kill the gnoll!
The lightning grounds out.
The orc priest is struck by an arc of lightning.
The orc priest is severely wounded.
You are struck by an arc of lightning.
* * * LOW HITPOINT WARNING * * *
The lightning grounds out.
The orc priest hits you with a +0 falchion.
You die...

#### ############# #...
#####...........# #...
#...............# #...
#.#.............# ###...
#.#.............# #.....
#.#....#####...## #.....
#.#....#####...####.....
#.#...)@o..'......'.....
#.#...))####...####.....
#.#..............[.).)..
#.#####'####.###########
#.#......# #.# #.....
#.#......# #.# #.....
#........# #.# #.....
###......# #.# #.....
#......# #.# #.....


You could see an orc priest.

Vanquished Creatures
  2 orc wizards (D:4)
  3 gnolls (D:3)
  8 adders
  3 dart slugs
  7 orcs
  6 endoplasms
  4 giant cockroaches
  3 goblins
  4 hobgoblins
  2 jackals (D:3)
  3 quokkas
  4 ball pythons
  2 bats (D:2)
  A frilled lizard (D:3)
  4 kobolds
  8 rats
64 creatures vanquished.

Vanquished Creatures (others)
  3 plants (D:2)
3 creatures vanquished.

Grand Total: 67 creatures vanquished

Notes
Turn   | Place    | Note
-------+----------+-------------------------------------------
     0 | D:1      | Gurantaxtaxq the Tengu Air Elementalist began the quest for
                  | the Orb.
     0 | D:1      | Reached XP level 1. HP: 10/10 MP: 4/4
   104 | D:1      | Found a faded altar of an unknown god.
   239 | D:1      | Reached XP level 2. HP: 15/15 MP: 3/6
   695 | D:2      | Reached XP level 3. HP: 19/19 MP: 3/7
   929 | D:2      | Reached XP level 4. HP: 24/24 MP: 6/9
   960 | D:2      | Found a burning altar of Makhleb.
  1117 | D:2      | Reached skill level 5 in Air Magic
  1393 | D:2      | Found Misettiu's Weapon Shop.
  1650 | D:3      | Learned a level 2 spell: Static Discharge
  1761 | D:3      | Gained mutation: Your magical nature lets you fly swiftly
                  | and evasively. [Tengu growth]
  1761 | D:3      | Reached XP level 5. HP: 28/28 MP: 7/10
  2363 | D:4      | Noticed an ogre
  2419 | D:4      | Noticed a water moccasin
  2420 | D:4      | Noticed a phantom
  2580 | D:3      | HP: 1/28 [/static electricity (2)]
  2580 | D:3      | Slain by an orc priest

Illustrated notes

Levels and vault maps discovered:
D:1:      scummos_arrival_simple_crosswalls, layout_basic,
          basic_ecumenical_altar
D:2:      layout_basic, basic_altar, serial_shops,
          nicolae_shop_bloodbath_and_beyond, kennysheep_nondescript,
          serial_bayou_pond_b, minmay_curled_crystal
D:3:      layout_basic
D:4:      layout_loops_ring, uniq_eustachio, uniq_pikel

Skill      XL: |  1  2  3  4  5 |
---------------+----------------+-----
Conjurations   | 2 3 4 |  4.4
Air Magic      | 5 |  5.8
Spellcasting   | 3 |  3.4
Dodging        | |  2.1
Stealth        | |  2.0

Action                   |  1- 3 |  4- 6 || total
-------------------------+-------+-------++-------
Melee: Staff             |     6 |     9 ||    15
       Kick              |     3 |     3 ||     6
       Peck              |     1 |       ||     1
 Cast: Shock             |    45 |    67 ||   112
       Static Discharge  |       |     2 ||     2
Armor: Robe              |     2 |     5 ||     7
Dodge: Dodged            |     4 |    19 ||    23
